 Dungeon Crawl Stone Soup version 0.26.1-11-gd32895ea62 (webtiles) character file.

Game seed: 15005903173949440021

9385 Fusha the Slicer (level 11, -10/121 HPs)
             Began as a Human Brigand on June 3, 2021.
             Was a Believer of Dithmenos.
             Mangled by a bog body (21 damage)
             ... summoned by a worldbinder
             ... in a Gauntlet.
             The game lasted 01:28:52 (12838 turns).

Fusha the Slicer (Human Brigand)                   Turns: 12838, Time: 01:28:53

Health: -10/121    AC: 13    Str: 11    XL:     11   Next: 73%
Magic:  0/11       EV: 15    Int: 12    God:    Dithmenos [**....]
Gold:   165        SH:  7    Dex: 18    Spells: 10/10 levels left

rFire    . . .     SeeInvis .   b - +4 long sword (pain)
rCold    . . .     Faith    .   v - +2 buckler (curse)
rNeg     . . .     Spirit   +   G - +3 ring mail {rPois}
rPois    +         Reflect  .   (no helmet)
rElec    .         Harm     .   c - +0 cloak
rCorr    .         Rampage  .   x - +2 pair of gloves {archery}
Will     +....     NoTele   +   H - +0 pair of boots
Stlth    ..........             t - amulet of guardian spirit
HPRegen  0.30/turn              C - ring of willpower
MPRegen  0.12/turn              D - ring of stealth

@: berserking, hasted and slowed, wreathed by umbra
A: no striking features
a: Renounce Religion, Shadow Step


You were in a Gauntlet.
You worshipped Dithmenos.
Dithmenos was pleased with you.
You visited 3 branches of the dungeon, and saw 12 of its levels.
You also visited: Gauntlet.

You collected 577 gold pieces.
You spent 412 gold pieces at shops.

Inventory:

Hand Weapons
 a - a +2 dagger
 b - a +4 long sword of pain (weapon)
 u - a +1 dagger of protection
 K - a +1 vorpal war axe
Missiles
 e - a curare-tipped dart (quivered)
 f - 4 javelins
 n - 5 atropa-tipped darts
 r - a boomerang
 s - 51 poisoned darts
Armour
 c - a +0 cloak (worn)
 v - a cursed +2 buckler (worn)
 x - a +2 pair of gloves of archery (worn)
 G - a +3 ring mail of poison resistance (worn)
 H - a +0 pair of boots (worn)
Jewellery
 h - the amulet "Qangis" {Faith *Drain rElec rC+++ Str-5}
   (You took it off an orc on level 8 of the Dungeon)

   [amulet of faith]

   It allows you to gain divine favour quickly.
   It affects your strength (-5).
   It renders you almost immune to cold.
   It insulates you from electricity.
   It causes draining when unequipped.
 k - an uncursed ring of flight
 m - an uncursed ring of protection from cold
 o - an uncursed ring of protection from cold
 t - an amulet of guardian spirit (around neck)
 y - an uncursed ring of see invisible
 C - a ring of willpower (left hand)
 D - a ring of stealth (right hand)
 I - the ring of Avosamov {+Fly Will+ MP+9, unknown}
   (You found it in a Gauntlet)

   [ring of magical power]

   It affects your willpower, your defense against some magical effects.
   It affects your magic capacity (+9).
   It lets you fly.
Wands
 B - a wand of random effects (19)
Scrolls
 d - a scroll of enchant weapon
 j - 2 scrolls of identify
 q - 6 scrolls of teleportation
 w - 3 scrolls of remove curse
 A - 5 scrolls of immolation
 L - a scroll of blinking
Potions
 g - 2 potions of flight
 i - 2 potions of brilliance
 l - 2 potions of cancellation
 z - 5 potions of curing
 F - a potion of ambrosia
 J - a potion of attraction


   Skills:
 + Level 6.2 Fighting
 + Level 9.2(9.4) Short Blades
 + Level 2.6(6.4) Long Blades
 + Level 7.8 Throwing
 - Level 1.0 Armour
 + Level 7.2 Dodging
 + Level 9.0 Stealth
 * Level 3.5 Shields
 + Level 2.5 Evocations


You had 10 spell levels left.
You didn't know any spells.
Your spell library contained the following spells:

 Spells                   Type           Power        Failure   Level
 Sandblast                Erth           0%           63%         1
 Passwall                 Tmut/Erth      0%           77%         2
 Stone Arrow              Conj/Erth      0%           94%         3
 Petrify                  Tmut/Erth      0%           100%        4
 Lee's Rapid Deconstruct  Erth           0%           100%        5


Dungeon Overview and Level Annotations

Branches:
Dungeon (9/15)             Temple (1/1) D:6            Lair (2/6) D:8
Gauntlet (1/1)
  Swamp: Lair:2-4    Shoals: Lair:2-4     Snake: Lair:2-4    Spider: Lair:2-4
    Orc: D:9-12

Altars:
Ashenzari
Cheibriados
Dithmenos
Elyvilon
Hepliaklqana
Makhleb
Qazlal
Sif Muna
Trog
Uskayaw
Xom
The Shining One

Shops:
D:5 [   D:8 *?   D:9 *

Annotations:
D:3 Natasha Gauntlet 9 transporters, 21 runed translucent doors


Message History

You hit the worldbinder.
The worldbinder is lightly damaged.
You block the vampire mosquito's attack.
The vampire mosquito closely misses you.
You block the worldbinder's attack.
The worldbinder hits you but does no damage.
The bog body misses you.
You riposte.
You slash the bog body!
The bog body is lightly damaged.
The bog body closely misses you.
You riposte.
You slash the bog body!
The bog body is moderately damaged.
You hit the worldbinder but do no damage.
The worldbinder is lightly damaged.
You block the vampire mosquito's attack.
The worldbinder hits you but does no damage.
The worldbinder barely misses you.
The vampire mosquito bites you but does no damage.
The bog body touches you.
* * * LOW HITPOINT WARNING * * *
The bog body freezes you!!
You die...

....................§#
.....................#
#####...###########..#
....#.8.#....≈....#..#
##..#...#≈≈.≈≈.≈≈≈#..# ####(#..
..#.#####..≈..≈≈..#..### ...#.#.
..#.#.y.#.≈.≈≈....#..#8#
©.©#©.#####.2#©n@#J..≈.Z≈≈.#§.#
...#?#..#©.#4#.xn#G..≈≈.≈.≈#..#
####=#..#..#.#####≈.≈..≈..≈#..###
...#..##.##..#...#.≈≈≈..≈≈.#..#8#
...#2........#...#(...≈≈©..#..###
...###########...###########..#
§≈.............≈.............≈###
§8§...........≈8≈........∩...∩#8#
.≈...........§.≈.............≈###


You could see a reaper, a death ooze (summoned), a hellwing, a worldbinder, 2
bog bodies, a vampire mosquito (summoned), a floating eye (summoned, charged)
and a yak simulacrum (summoned).

Vanquished Creatures
  3 two-headed ogres
  A cane toad (Lair:1)
  4 blink frogs (Lair:1)
  Prince Ribbit (D:7)
  A yak (D:8)
  The ghost of tobikenobi the Ruffian, an amateur DrTm (D:5)
  2 soldier ants (D:9)
  4 water moccasins (D:8)
  2 black bears
  2 orc warriors (D:9)
  An ice beast (D:8)
  A sky beast (D:6)
  10 ogres
  3 phantoms
  3 wolves (Lair:1)
  2 boggarts (Gauntlet)
  4 centaurs
  7 bullfrogs
  3 scorpions
  10 killer bees
  13 wights
  2 bullfrog zombies
  A quasit (D:9)
  Crazy Yiuf (D:6)
  6 hounds
  4 jellies
  2 orc priests
  2 centaur skeletons
  5 orc wizards
  2 iguanas
  Ijyb (D:3)
  Terence (D:3)
  6 worker ants
  Natasha (D:3)
  2 hound zombies (D:5)
  A hound skeleton (D:9)
  A howler monkey zombie (D:5)
  5 worker ant zombies
  A howler monkey skeleton (D:7)
  10 gnolls
  11 adders
  A shadow imp (D:5)
  A white imp (D:7)
  An ufetubus (D:8)
  An ooze (D:2)
  An adder zombie (D:5)
  An adder skeleton (D:5)
  A dart slug (D:4)
  A worm (D:4)
  2 leopard geckos
  30 orcs
  9 giant cockroaches
  A goblin (D:2)
  6 hobgoblins
  9 jackals
  6 kobolds
  3 quokkas
  2 ball pythons (D:1)
  10 bats
  5 frilled lizards
  A leopard gecko skeleton (D:4)
  A quokka skeleton (D:8)
  9 rats
245 creatures vanquished.

Vanquished Creatures (others)
  24 demonic plants (Gauntlet)
  52 fungi
  45 plants
121 creatures vanquished.

Grand Total: 366 creatures vanquished

Notes
Turn   | Place    | Note
-------+----------+-------------------------------------------
     0 | D:1      | Fusha the Human Brigand began the quest for the Orb.
     0 | D:1      | Reached XP level 1. HP: 16/16 MP: 1/1
   474 | D:1      | Reached XP level 2. HP: 22/22 MP: 2/2
   770 | D:1      | Reached XP level 3. HP: 25/27 MP: 3/3
  1583 | D:2      | Found a shimmering altar of Xom.
  1591 | D:2      | Found a shimmering altar of Xom.
  1591 | D:2      | Found a shimmering altar of Xom.
  1606 | D:2      | Reached XP level 4. HP: 24/33 MP: 4/4
  1853 | D:2      | Found a shimmering altar of Xom.
  1853 | D:2      | Found a shimmering altar of Xom.
  1884 | D:2      | Found a white marble altar of Elyvilon.
  1912 | D:2      | Reached skill level 5 in Stealth
  1964 | D:2      | Found a burning altar of Makhleb.
  2017 | D:2      | Found a shimmering blue altar of Sif Muna.
  2304 | D:2      | Found a glowing golden altar of the Shining One.
  2591 | D:3      | Noticed Natasha
  2601 | D:3      | Killed Natasha
  2602 | D:3      | Reached XP level 5. HP: 31/38 MP: 5/5
  2935 | D:3      | Noticed Natasha
  2964 | D:3      | Noticed Ijyb
  2980 | D:3      | Killed Ijyb
  2981 | D:3      | Reached XP level 6. HP: 46/46 MP: 6/6
  3020 | D:3      | Found a broken altar of Ashenzari.
  3054 | D:3      | Noticed Terence
  3059 | D:3      | Killed Terence
  3345 | D:4      | Noticed a phantom
  3425 | D:4      | Reached skill level 1 in Armour
  3874 | D:4      | Reached XP level 7. HP: 33/51 MP: 7/7
  4303 | D:5      | Entered Level 5 of the Dungeon
  4551 | D:5      | Reached XP level 8. HP: 48/58 MP: 8/8
  4645 | D:5      | Found a transporter.
  4645 | D:5      | Found Oseig's Armour Emporium.
  4716 | D:5      | Found a transporter.
  4750 | D:5      | Noticed tobikenobi's ghost (amateur DrTm)
  4803 | D:5      | Killed tobikenobi's ghost
  4804 | D:5      | Reached skill level 5 in Short Blades
  4993 | D:5      | Found a snail-covered altar of Cheibriados.
  5005 | D:5      | Reached skill level 5 in Throwing
  5005 | D:5      | Reached skill level 1 in Evocations
  5474 | D:5      | Bought a +1 pair of gloves of archery for 231 gold pieces
  5781 | D:6      | Reached XP level 9. HP: 41/63 MP: 9/9
  6836 | D:6      | Found a staircase to the Ecumenical Temple.
  6893 | Temple   | Entered the Ecumenical Temple
  6981 | Temple   | Became a worshipper of Dithmenos the Shadowed
  7172 | D:6      | Found a runed translucent door.
  7172 | D:6      | Noticed Crazy Yiuf
  7202 | D:6      | Killed Crazy Yiuf
  8526 | D:7      | Noticed Prince Ribbit
  8536 | D:7      | Killed Prince Ribbit
  8695 | D:8      | Reached skill level 5 in Dodging
  8698 | D:8      | Reached XP level 10. HP: 73/73 MP: 10/10
  8719 | D:8      | Noticed a two-headed ogre
  8920 | D:8      | Found Nimpyze's Magic Scroll Emporium.
  8923 | D:8      | Bought a scroll of blinking for 75 gold pieces
  8923 | D:8      | Bought a scroll of teleportation for 30 gold pieces
  8923 | D:8      | Bought a scroll of enchant weapon for 75 gold pieces
  9054 | D:8      | Identified the amulet "Qangis" {Faith *Drain rElec rC+++
                  | Str-5}
  9068 | D:8      | Reached skill level 5 in Fighting
  9550 | D:8      | Killed a two-headed ogre
  9628 | D:8      | Reached * piety under Dithmenos
  9642 | D:8      | Found a staircase to the Lair.
 10021 | D:8      | Noticed a two-headed ogre
 10039 | D:8      | Killed a two-headed ogre
 10040 | D:8      | Reached XP level 11. HP: 62/80 MP: 7/11
 10284 | D:8      | Found Dutiok Dips's Lightly-Used Armoury.
 10297 | D:8      | Bought a -3 quick blade for 1 gold piece
 11189 | D:9      | Noticed a two-headed ogre
 11201 | D:9      | Killed a two-headed ogre
 11307 | D:9      | Found a hide-covered altar of Uskayaw.
 11333 | D:9      | Found Celowe's Assorted Antiques.
 11588 | D:9      | Found a bloodstained altar of Trog.
 12175 | Lair:1   | Entered Level 1 of the Lair of Beasts
 12187 | Lair:1   | Reached skill level 1 in Long Blades
 12209 | Lair:1   | Reached ** piety under Dithmenos
 12706 | Lair:1   | Found a gate leading to a gauntlet.
 12711 | Gauntlet | Entered a Gauntlet
 12711 | Gauntlet | Found a transporter.
 12711 | Gauntlet | Found a transporter.
 12711 | Gauntlet | Found a transporter.
 12711 | Gauntlet | Noticed a worldbinder
 12715 | Gauntlet | Found a transporter.
 12717 | Gauntlet | Found a large runed translucent door.
 12718 | Gauntlet | Found a large runed translucent door.
 12719 | Gauntlet | Found a large runed translucent door.
 12719 | Gauntlet | Found a large runed translucent door.
 12719 | Gauntlet | Found a runed translucent door.
 12720 | Gauntlet | Found a large runed translucent door.
 12721 | Gauntlet | Found a large runed translucent door.
 12722 | Gauntlet | Found a large runed translucent door.
 12722 | Gauntlet | Found a large runed translucent door.
 12723 | Gauntlet | Found a runed translucent gate.
 12724 | Gauntlet | Noticed a reaper
 12725 | Gauntlet | Found a transporter.
 12729 | Gauntlet | Found a transporter.
 12741 | Gauntlet | Found a transporter.
 12741 | Gauntlet | Found a transporter.
 12741 | Gauntlet | Found a runed translucent gate.
 12743 | Gauntlet | Found a transporter.
 12743 | Gauntlet | Noticed a hell hog
 12773 | Gauntlet | Found a runed translucent gate.
 12774 | Gauntlet | Found a large runed translucent door.
 12774 | Gauntlet | Found a large runed translucent door.
 12775 | Gauntlet | Found a large runed translucent door.
 12776 | Gauntlet | Found a large runed translucent door.
 12777 | Gauntlet | Found a large runed translucent door.
 12777 | Gauntlet | Found a large runed translucent door.
 12777 | Gauntlet | Found a runed translucent door.
 12778 | Gauntlet | Found a large runed translucent door.
 12779 | Gauntlet | Found a large runed translucent door.
 12781 | Gauntlet | Found a transporter.
 12785 | Gauntlet | Found a transporter.
 12824 | Gauntlet | Got a crude copper ring
 12824 | Gauntlet | Noticed a bog body
 12826 | Gauntlet | Noticed a bog body
 12826 | Gauntlet | Noticed a fire crab
 12828 | Gauntlet | Noticed a death ooze
 12832 | Gauntlet | Noticed a bog body
 12832 | Gauntlet | Noticed a bog body
 12838 | Gauntlet | Mangled by a bog body

Illustrated notes

Levels and vault maps discovered:
D:1:      minmay_arrival_split_and_join, layout_basic
D:2:      layout_rooms, bloody_makhleb, led_sif_pool, xom_redecorated,
          elyvilon_altar_5, tso_altar
D:3:      layout_basic, nicolae_overflow_hidden_temple,
          cheibrodos_ashenzari_chains, uniq_ijyb, uniq_terence, uniq_natasha
D:4:      layout_rooms
D:5:      layout_basic, cheibriados_altar_1, gammafunk_ghost_mausoleum,
          serial_shops, nicolae_shop_competitors_out_of_business,
          minmay_misc_feat_square
D:6:      layout_cave_pools, temple_pool_b, mrwooster_statue_mirror,
          uniq_crazy_yiuf_cottage
D:7:      layout_basic, serial_corexii_hall, chequers_hall_statues_y,
          corexii_hall_statues_l, kennysheep_generic_room_5, uniq_prince_ribbit1
D:8:      layout_basic, due_lair_maze_entry_diamond, serial_shops,
          nicolae_shop_behind_doors, minmay_shop_damaged
D:9:      layout_roguey, kennysheep_mini_moat, eat_drink_and_be_merry_uskayaw,
          serial_shops, shop_statue, hangedman_pestilent_swarm
Temple:   minmay_temple_curvy_branch
Lair:1:   layout_long_grid, gauntlet_entry_generic, uniq_gastronok
Lair:2:   wad_woods_minihive, layout_hall_layers, dummy_spider_entry,
          minmay_hedge_maze
Gauntlet: gammafunk_gauntlet_hard_choice [gammafunk_gauntlet_arena_grid,
          nicolae_gauntlet_arena_flowing_pool,
          minmay_gauntlet_arena_make_your_own_arena,
          nicolae_gauntlet_arena_quarters, gammafunk_gauntlet_arena_hedges,
          nicolae_gauntlet_arena_x, nicolae_gauntlet_exit_dead_adventurers]

Skill      XL: |  1  2  3  4  5  6  7  8  9 10 11 |
---------------+----------------------------------+-----
Stealth        | 5 6 7 8 9 |  9.0
Throwing       | 3 4 5 6 7 |  7.8
Short Blades   | 3 4 5 7 8 9 |  9.2
Dodging        | 2 3 5 6 7 |  7.2
Armour         | 1 |  1.0
Fighting       | 3 4 5 6 |  6.2
Evocations     | 1 2 |  2.5
Shields        | 3 |  3.5
Long Blades    | 2 |  2.6

Action                   |  1- 3 |  4- 6 |  7- 9 | 10-12 || total
-------------------------+-------+-------+-------+-------++-------
Melee: Dagger            |   101 |   131 |   765 |   795 ||  1792
       Long sword        |       |       |       |   102 ||   102
Throw: Dart              |    19 |    18 |    56 |    77 ||   170
       Javelin           |     1 |    12 |     2 |     2 ||    17
       Boomerang         |       |       |    16 |    26 ||    42
Evoke: Wand              |       |       |    32 |     1 ||    33
  Use: Scroll            |       |       |    17 |    11 ||    28
       Potion            |       |       |       |     7 ||     7
 Stab: Sleeping          |     5 |     7 |    10 |     7 ||    29
       Invisible         |       |       |     2 |     6 ||     8
       Distracted        |       |       |     1 |       ||     1
       Paralysed         |       |       |     5 |       ||     5
Armor: Robe              |    29 |     3 |       |       ||    32
       Leather armour    |       |    11 |       |       ||    11
       Ring mail         |       |    12 |   304 |   246 ||   562
Dodge: Dodged            |    68 |    58 |   389 |   494 ||  1009
Block: Buckler           |       |       |       |   120 ||   120
       Rpst.: Long sword |       |       |       |    27 ||    27
